 Dungeon Crawl Stone Soup version 0.23.2-1-ga50397a (webtiles) character file.

Game seed: 9874568153234359074

287 Fang the Skirmisher (level 6, -2/58 HPs)
             Began as a Gargoyle Berserker on May 29, 2019.
             Was a Priest of Trog.
             Slain by an orc warrior
             ... wielding a +0 short sword
              (7 damage)
             ... on level 4 of the Dungeon.
             The game lasted 00:03:05 (3195 turns).

Fang the Skirmisher (Gargoyle Berserker)            Turns: 3195, Time: 00:03:06

Health: -2/58      AC: 16    Str: 28    XL:     6   Next: 30%
Magic:  6/6        EV:  9    Int:  7    God:    Trog [***...]
Gold:   106        SH:  0    Dex:  9    Spells: 5/5 levels left

rFire    . . .     SeeInvis .   a - +0 hand axe
rCold    . . .     Gourm    .   (no shield)
rNeg     + . .     Faith    .   b - +0 chain mail
rPois    ∞         Spirit   .   (no helmet)
rElec    +         Reflect  .   (no cloak)
rCorr    +         Harm     .   r - +1 pair of gloves
MR       .....                  (no boots)
Stlth    ..........             (no amulet)
HPRegen  0.19/turn              k - ring of resist corrosion
MPRegen  0.10/turn              (no ring)

@: berserking, very quick
A: negative energy resistance 1, electricity resistance, unbreathing,
petrification resistance, rot immunity, AC +4
a: Berserk, Trog's Hand, Renounce Religion


You were on level 4 of the Dungeon.
You worshipped Trog.
Trog was most pleased with you.
You were very hungry.

You visited 1 branch of the dungeon, and saw 4 of its levels.

You collected 106 gold pieces.

Inventory:

Hand Weapons
 a - a +0 hand axe (weapon)
Armour
 b - a +0 chain mail (worn)
 r - a +1 pair of gloves (worn)
Jewellery
 k - a ring of resist corrosion (left hand)
Scrolls
 d - a scroll of enchant weapon {unknown}
 g - 6 scrolls of identify {unknown}
 h - 2 scrolls of amnesia {unknown}
 i - 2 scrolls of teleportation {unknown}
 p - a scroll of remove curse {unknown}
 q - a scroll of enchant armour {unknown}
Potions
 e - a potion of mutation {unknown}
 j - a potion of agility {unknown}
 l - a potion of flight {unknown}
 m - a potion of resistance {unknown}
 n - a potion of brilliance {unknown}
 o - a potion of heal wounds {unknown}
Comestibles
 c - 2 rations
 f - 2 chunks of flesh


   Skills:
 + Level 4.7 Fighting
 + Level 3.8 Axes
 + Level 3.9 Armour
 + Level 2.9 Dodging


You had 5 spell levels left.
You didn't know any spells.
Your spell library was empty.

Dungeon Overview and Level Annotations

Branches:
Dungeon (4/15)
 Temple: D:4-7

Altars:
Ashenzari
Fedhas
Qazlal

Portals:
Sewer: D:4


Innate Abilities, Weirdness & Mutations

You are resistant to torment.
Your stone body is resilient. (AC +4)
You are immune to poison.
You resist negative energy. (rN+)
You are resistant to electric shocks. (rElec)
You can survive without breathing.
You are immune to petrification.
You are immune to rotting.


Message History

You feel yourself moving faster!
You feel mighty!
You are feeling very hungry.
The orc warrior hits you with a +0 short sword.
* * * LOW HITPOINT WARNING * * *
The orc barely misses you. The giant cockroach closely misses you.
The orc splashes around in the water.
You hit the orc warrior.
The orc warrior is moderately wounded.
You hit the orc.
You kill the orc!
Trog accepts your kill.
You hear a splash.
You slash the giant cockroach!
You kill the giant cockroach!
Trog accepts your kill.
You slash the orc!
You kill the orc!
Trog accepts your kill.
The orc warrior hits you with a +0 short sword!
You die...

#......# #......#.
##.......
##.......
##......#
###...#..#
#........###
########..<..#
≈≈≈≈≈≈†@.##.......
≈≈∩≈ll)o)# #.#.##.
≈≈≈≈≈≈≈l.# .# #
########.. . ....
.# ....# # #....
.#...


You could see an orc warrior, a leopard gecko and 2 frilled lizards.

Vanquished Creatures
  An orc priest (D:3)
  5 adders
  9 gnolls
  An ooze (D:2)
  2 worms (D:3)
  A dart slug (D:1)
  7 leopard geckos
  8 orcs
  6 giant cockroaches
  10 goblins
  7 hobgoblins
  8 jackals
  4 quokkas
  A ball python (D:3)
  6 bats
  7 frilled lizards
  A giant cockroach zombie (D:3)
  8 kobolds
  9 rats
101 creatures vanquished.

Notes
Turn   | Place    | Note
-------+----------+-------------------------------------------
     0 | D:1      | Fang the Gargoyle Berserker began the quest for the Orb.
     0 | D:1      | Reached XP level 1. HP: 14/14 MP: 1/1
    91 | D:1      | Reached XP level 2. HP: 9/19 MP: 2/2
   664 | D:1      | Reached XP level 3. HP: 23/24 MP: 3/3
   837 | D:1      | Reached ** piety under Trog
  1137 | D:2      | Reached XP level 4. HP: 25/29 MP: 4/4
  1142 | D:2      | Reached skill level 4 in Fighting
  1660 | D:2      | Reached XP level 5. HP: 31/33 MP: 5/5
  1996 | D:3      | Reached *** piety under Trog
  2094 | D:3      | HP: 1/51 [orc priest/divine providence (9)]
  2615 | D:3      | Found a blossoming altar of Fedhas.
  2752 | D:3      | Reached XP level 6. HP: 28/39 MP: 6/6
  2949 | D:3      | Found a faded altar of an unknown god.
  2949 | D:3      | Found a faded altar of an unknown god.
  2954 | D:3      | Found a shattered altar of Ashenzari.
  2956 | D:3      | Found a stormy altar of Qazlal.
  2957 | D:3      | Found a blossoming altar of Fedhas.
  3183 | D:4      | Found a glowing drain.
  3185 | D:4      | Noticed an orc warrior
  3195 | D:4      | Slain by an orc warrior

Skill      XL: |  1  2  3  4 |
---------------+-------------+-----
Axes           | 3 |  3.8
Dodging        | 2 |  2.9
Armour         | 3 |  3.9
Fighting       | 4 |  4.7

Action                   |  1- 3 |  4- 6 || total
-------------------------+-------+-------++-------
Melee: Hand axe          |    95 |   295 ||   390
Invok: Berserk           |       |     3 ||     3
  Eat: Chunk             |     1 |     9 ||    10
Armor: Animal skin       |    24 |       ||    24
       Chain mail        |     7 |   214 ||   221
Dodge: Dodged            |    66 |   158 ||   224
